 Dungeon Crawl Stone Soup version 0.30-a0-46-g5a63ccc183 (webtiles) character file.

Game seed: 931038532756057618

51 ytrimaz the Insei (level 3, 0/34 HPs)
             Began as an Octopode Transmuter on Sept 1, 2022.
             Succumbed to an adder's poison
             ... on level 2 of the Dungeon.
             The game lasted 00:02:31 (1992 turns).

ytrimaz the Insei (Octopode Transmuter)             Turns: 1992, Time: 00:02:32

Health: 0/34       AC: 21    Str:  9    XL:     3   Next: 83%
Magic:  6/6        EV:  2    Int: 17    God:
Gold:   90         SH:  0    Dex: 12    Spells: 0/6 levels left

rFire   . . .      SeeInvis .      - Unarmed
rCold   . . .      Faith    .    (no shield)
rNeg    . . .      Spirit   .    (helmet currently unavailable)
rPois   +          Reflect  .    (no amulet)
rElec   .          Harm     .    (no ring)
rCorr   .          Rampage  .    (no ring)
Will    .....      NoTele   +    (no ring)
Stlth   +.........               (no ring)
HPRegen 0.11/turn                (no ring)
MPRegen 0.10/turn                (no ring)
                                 (no ring)
                                 (no ring)

@: lethally poisoned (0 -> -1), tree-form
A: stationary, stasis, torment immunity, boosted hp, almost no armour,
(amphibious), 8 rings, (camouflage 1), (gelatinous body 1), (nimble swimmer 1),
(tentacles)
a: no special abilities


You were on level 2 of the Dungeon.
You were a tree.
You visited 1 branch of the dungeon, and saw 2 of its levels.

You collected 90 gold pieces.


Innate Abilities, Weirdness & Mutations

You are a tree.
Your roots penetrate the ground, keeping you stationary.
You cannot be teleported.
You are immune to unholy pain and torment.
Your maximum health is greatly increased.
You cannot wear most types of armour.
((You are amphibious.))
You can wear up to eight rings at the same time.
((Your skin changes colour to match your surroundings (Stealth+).))
((Your rubbery body absorbs attacks. (AC +1, EV +1)))
((You are camouflaged when in or above water. (Stealth+)))
((You have tentacles for arms and can constrict up to eight enemies at once.))


   Skills:
 - Level 1.0 Fighting
 - Level 2.0 Dodging
 - Level 4.0 Unarmed Combat
 + Level 2.3 Spellcasting
 + Level 2.3 Transmutations
 * Level 1.1 Poison Magic


You couldn't memorise any spells.
You knew the following spells:

 Your Spells              Type           Power      Damage    Failure   Level
a - Beastly Appendage     Tmut           20%        N/A       7%          1
b - Wereblood             Tmut           10%        N/A       11%         2
c - Spider Form           Tmut/Pois      7%         N/A       28%         3

Your spell library contained the following spells:

 Spells                   Type           Power      Damage    Failure   Level
 Ice Form                 Ice/Tmut       5%         N/A       75%         4

Inventory:

Missiles
 d - 10 stones {throwing}
Scrolls
 b - a scroll of identify {@r1}
 e - a scroll of poison {!r}
Potions
 c - a potion of flight {unknown}
 f - a potion of curing {unknown}

Dungeon Overview and Level Annotations

Branches:
Dungeon (2/15) Zot: 10013

Altars:

##.. ..r.#
##...# .J....#
.S.....#######
.............+
#w# #)# #♣##
#.># ##.##
#..### ##...##
########
###..#
#......#
##.###......#
#..##......#
##.##......#


You could see a dart slug.


Message History

One of your tentacles grows a vicious spike.
A quokka comes into view. 😎 MP[-1]
You lost 1 mp, and now have 5/6 mp.
The kobold attacks as you move away!
The kobold hits you with a +0 whip. 😕 HP[-4]
You take 4 damage, and now have 19/23 hp.
You closely miss the kobold. Your grab misses the kobold.
The kobold closely misses you.
You barely miss the kobold. You grab the kobold.
You pierce the kobold, but do no damage.
You constrict the kobold. The kobold barely misses you.
You tentacle-slap the kobold.
You kill the kobold!
A kobold comes into view. It is wielding a +0 dagger.
The kobold shouts!
You tentacle-slap the hobgoblin. Your grab misses the hobgoblin.
Your tentacle spike misses the hobgoblin.
The hobgoblin hits you. 😮 HP[-2]
You take 2 damage, and now have 17/23 hp.
You barely miss the hobgoblin. Your grab misses the hobgoblin.
The hobgoblin closely misses you.
You closely miss the hobgoblin. Your grab misses the hobgoblin.
Your tentacle spike misses the hobgoblin.
You squeeze the hobgoblin.
You kill the hobgoblin!
You tentacle-slap the kobold.
You kill the kobold!
You barely miss the quokka. Your grab misses the quokka.
The quokka bites you. 😮 HP[-1]
You take 1 damage, and now have 16/23 hp.
You closely miss the quokka. Your grab misses the quokka.
You squeeze the quokka.
You kill the quokka! 😮 MP[+1]
Your mp is fully restored (6).
You tentacle-slap the adder but do no damage.
Your grab misses the adder.
Your transformation is almost over.
The adder bites you. x2
* * * LOW HITPOINT WARNING * * *
😨 HP[-5]
You take 5 damage, and now have 11/23 hp.
MASSIVE DAMAGE!! (PAUSE)
You miss the adder. Your grab misses the adder.
Your tentacle spike misses the adder.
The adder bites you.
* * * LOW HITPOINT WARNING * * *
😨 HP[-3]
You take 3 damage, and now have 8/23 hp.
You miss the adder. Your grab misses the adder. The adder bites you.
* * * LOW HITPOINT WARNING * * *
Unknown command. 😨 HP[-1]
You take 1 damage, and now have 7/23 hp.
You tentacle-slap the adder. Your grab misses the adder. The adder misses you.
Unknown command.
You closely miss the adder. You grab the adder. You constrict the adder.
The adder bites you.
* * * LOW HITPOINT WARNING * * *
You are lethally poisoned!
The adder poisons you! 😨 HP[-1]
You take 1 damage, and now have 6/23 hp.
Really quaff
a - a potion of lignification {!q}?
Really quaff the potion of lignification?
Okay, then.
Really quaff
a - a potion of lignification {!q}?
Really quaff the potion of lignification?
Your tentacle spike disappears.
You turn into a tree.
Your roots penetrate the ground.
You lose your grip on the adder.
You feel sick.
The adder bites you but does no damage. 😱 HP[+1]
You now have 34 max hp (+11).
Unknown command.
Unknown command.
You smack the adder!
You kill the adder!
You feel sick.
Your Poison Magic skill increases to level 1! 😱 HP[-1]
You take 1 damage, and now have 6/34 hp.
You hit the endoplasm.
The endoplasm hits you but does no damage.
You smack the endoplasm!
You kill the endoplasm!
You feel sick. 😱 HP[-1]
You take 1 damage, and now have 5/34 hp.
You cannot move.
You cannot move.
Unknown command.
You feel sick. The dart slug launches a dart at you. The slug dart hits you.
* * * LOW HITPOINT WARNING * * *
😱 HP[-4]
You take 4 damage, and now have 1/34 hp.
You die...

Skill      XL: |  1  2  3 |
---------------+----------+-----
Unarmed Combat | 4 |  4.0
Poison Magic   | 1 |  1.1
Fighting       | |  1.0
Dodging        | |  2.0
Spellcasting   | |  2.3
Transmutations | |  2.3

Action                   || total
-------------------------++-------
Melee: Unarmed           ||    73
       Kick              ||    14
       Constrict         ||    16
       Tentacles         ||     9
       Punch             ||     4
 Cast: Beastly Appendage ||    15
  Use: Scroll            ||     1
       Potion            ||     1
Armor: Skin              ||     9
Dodge: Dodged            ||    29

Levels and vault maps discovered:
D:1:      grunt_arrival_crossed_arrows, layout_basic, minmay_stone_trees_small,
          minmay_tiny_reverse_x
D:2:      layout_basic, serial_shops, nicolae_shop_hallway_plus,
          uniq_crazy_yiuf_cottage

Notes
Turn   | Place    | Note
-------+----------+-------------------------------------------
     0 | D:1      | ytrimaz the Octopode Transmuter began the quest for the
                  | Orb.
     0 | D:1      | Reached XP level 1. HP: 13/13 MP: 3/3
     0 | D:1      | magus.rc [v1.9.6]
   398 | D:1      | HP: 1/13 [endoplasm (3)]
   400 | D:1      | Reached XP level 2. HP: 2/18 MP: 3/5
  1314 | D:1      | Reached skill level 4 in Unarmed Combat
  1492 | D:2      | Reached XP level 3. HP: 7/23 MP: 4/6
  1494 | D:2      | HP: 5/23 [rat (2)]
  1498 | D:2      | HP: 2/23 [hobgoblin (3)]
  1511 | D:2      | Learned a level 2 spell: Wereblood
  1515 | D:2      | Learned a level 3 spell: Spider Form
  1987 | D:2      | HP: 7/34 [poisoned by an adder]
  1989 | D:2      | Reached skill level 1 in Poison Magic
  1991 | D:2      | HP: 1/34 [dart slug/slug dart (4)]
  1992 | D:2      | Succumbed to an adder's poison

Vanquished Creatures
  2 adders (D:2)
  2 bats (D:1)
  4 endoplasms
  A giant cockroach (D:2)
  4 hobgoblins
  4 jackals (D:1)
  2 quokkas (D:2)
  4 ball pythons (D:1)
  2 frilled lizards
  5 kobolds
  A rat (D:2)
31 creatures vanquished.

Table legend:
 A = Non-vault XP
 B = Vault XP
 C = Vault XP percentage of total XP
 D = Non-vault monster count
 E = Vault monster count
 F = Vault count percentage of total count
                 A         B        C        D         E       F
            +---------+---------+-------+---------+---------+-------
      Total |      72 |       2 |   2.7 |      29 |       2 |   6.5
            +---------+---------+-------+---------+---------+-------
        D:1 |      29 |       2 |   6.5 |      17 |       2 |  10.5
        D:2 |      43 |       0 |   0.0 |      12 |       0 |   0.0
            +---------+---------+-------+---------+---------+-------

Illustrated notes

Table legend:
 A = Kills in this place as a percentage of kills in entire the game.
 B = Kills by you in this place as a percentage of kills by you in the entire game.
 C = Kills by friends in this place as a percentage of kills by friends in the entire game.
 D = Other kills in this place as a percentage of other kills in the entire game.
 E = Experience gained in this place as a percentage of experience gained in the entire game.
 F = Experience gained in this place divided by the number of levels of this place that you have seen.
                   A       B       C       D       E      F
               +-------+-------+-------+-------+-------+----------------------
         Total | 100.0 | 100.0 |   N/A |   N/A | 100.0 |  37.0
       Dungeon | 100.0 | 100.0 |   N/A |   N/A | 100.0 |  37.0
               +-------+-------+-------+-------+-------+----------------------

Table legend: (Time is in decaauts)
 A = Elapsed time spent in this place.
 B = Non-inter-level travel time spent in this place.
 C = Inter-level travel time spent in this place.
 D = Time resting spent in this place.
 E = Time spent auto-exploring this place.
 F = Levels seen in this place.
 G = Mean time per level.
                   A        B        C        D        E       F      G
               +--------+--------+--------+--------+--------+-----+--------+
         Total |   1986 |   1969 |     17 |    259 |   1498 |   2 |  993.0 |
       Dungeon |   1986 |   1969 |     17 |    259 |   1498 |   2 |  993.0 |
               +--------+--------+--------+--------+--------+-----+--------+

Top non-repeatable levels by time:
     D:1: 1466 daAuts
     D:2: 520 daAuts
